Map: Triton LE

Players

Mez

  • Race: Terran Terran
  • League: Master
  • Spawn Location: 5:00

aDiclonius - Winner!

  • Race: Terran Terran
  • League: Diamond
  • Spawn Location: 11:00

VOD

Have the link to the VOD?

Description

Time

  • Played on: Aug. 31, 2019, 5:07 a.m.
  • Length: 27:30
Show
View Real Time Build Order
Export as new Build Order

Mez Terran 

Build Orders: Gas First Reaper Expand, Hellion Opening 

Get SALT Encoding   

  12  0:01  SCV  
  13  0:13  SCV  
  14  0:18  Supply Depot  
  14  0:25  SCV  
  15  0:30  Refinery  
  15  0:40  SCV  
  16  0:46  Barracks  
  16  0:52  SCV  
  17  1:04  SCV  
  18  1:16  SCV  
  19  1:34  Orbital Command, Reaper  
  20  1:50  Command Center  
  20  2:00  Factory  
  19  2:02  SCV  
  20  2:10  Barracks Reactor  
  20  2:15  SCV  
  21  2:16  Supply Depot  
  21  2:26  Refinery  
  21  2:27  SCV  
  22  2:39  SCV  
  23  2:47  Supply Depot  
  23  2:59  Starport  
  23  3:00  Hellion x2  
  23  3:03  SCV  
  23  3:04  Orbital Command  
  28  3:08  Barracks Tech Lab  
  28  3:15  SCV  
  29  3:22  Hellion x2  
  33  3:28  Marauder, Concussive Shells  
  35  3:35  Supply Depot  
  35  3:40  SCV x2, Medivac  
  39  3:46  Hellion x2  
  43  3:53  Marauder  
  45  4:00  SCV x2  
  45  4:01  Supply Depot  
  47  4:16  Factory Tech Lab  
  47  4:21  SCV x2  
  47  4:23  Supply Depot  
  49  4:31  Marine, Raven  
  49  4:32  Marine  
  49  4:35  SCV  
  49  4:36  SCV  
  55  4:38  Command Center  
  55  4:57  Marine x2, Siege Tank  
  55  4:58  SCV x2  
  62  5:01  Refinery  
  62  5:10  SCV x2  
  56  5:28  Starport Reactor  
  56  5:29  Barracks, SCV x2  
  56  5:31  Barracks  
  56  5:34  Stimpack  
  56  5:35  Supply Depot  
  58  5:40  Barracks x2  
  58  5:41  SCV x2  
  60  5:51  Marine  
  60  5:53  SCV x2  
  60  5:56  Orbital Command  
  62  6:05  SCV x2  
  60  6:19  SCV x2  
  60  6:21  Siege Tank  
  60  6:22  Marine  
  62  6:29  Marine x2  
  62  6:31  Starport Reactor, Refinery  
  62  6:32  Marine x2  
  60  6:35  Barracks Reactor x2  
  60  6:39  Marine, SCV x2  
  62  6:46  Engineering Bay x2  
  63  6:47  Marine  
  63  6:49  Supply Depot  
  63  6:50  Marine, Barracks Reactor  
  63  6:51  Marine x2, SCV  
  65  7:01  Marine  
  66  7:04  SCV x2  
  66  7:05  Marine  
  66  7:09  Siege Tank  
  66  7:11  Viking x2  
  66  7:14  SCV  
  72  7:16  SCV x2  
  74  7:25  Marine x7  
  80  7:42  Marine x2, Siege Tank  
  80  7:43  Marine x5  
  71  7:45  SCV x3  
  53  7:57  SCV x3  
  53  7:58  Medivac  
  58  7:59  Marine x2  
  60  8:07  Terran Infantry Weapons Level 1  
  60  8:09  SCV x2  
  60  8:11  Combat Shield  
  62  8:17  SCV  
  63  8:20  Terran Infantry Armor Level 1  
  63  8:32  Medivac  
  63  8:33  Medivac  
  67  8:35  Marine x5  
  67  8:36  SCV  
  67  8:41  Marine x3  
  75  8:44  SCV  
  75  8:45  SCV  
  78  8:48  SCV  
  79  9:00  Marine  
  79  9:01  Marine x6  
  86  9:03  SCV x2  
  86  9:04  Orbital Command  
  89  9:15  SCV  
  89  9:16  Medivac x2  
  93  9:17  Siege Tank  
  93  9:21  Armory  
  93  9:23  Supply Depot  
  96  9:25  Supply Depot  
  92  9:39  Marine  
  92  9:40  Marine x4  
  94  9:55  Siege Tank, SCV x3  
  94  9:57  Marine  
  101  10:00  Barracks Tech Lab  
  101  10:03  Barracks Tech Lab  
  101  10:07  SCV x3  
  101  10:09  Supply Depot x2  
  101  10:11  Marauder  
  101  10:12  Medivac x2  
  110  10:19  SCV x2  
  110  10:20  SCV  
  113  10:21  Marauder  
  113  10:22  Marauder  
  117  10:29  Marine x4  
  117  10:31  SCV  
  117  10:34  Marauder  
  117  10:35  SCV x2  
  121  10:40  Supply Depot  
  121  10:42  Medivac  
  123  10:43  SCV, Supply Depot, Terran Infantry Weapons Level 2  
  123  10:47  SCV  
  117  10:51  SCV  
  117  10:56  SCV  
  104  11:04  Marine x3, Marauder x2  
  104  11:05  Marauder  
  104  11:10  SCV x3  
  116  11:13  Refinery  
  116  11:15  Refinery  
  116  11:28  Command Center  
  116  11:29  Marine x3, Marauder x3  
  116  11:32  Medivac x2  
  128  11:34  Siege Tank  
  128  11:35  SCV x3  
  134  11:49  Supply Depot  
  134  11:50  Marauder, Supply Depot  
  136  11:54  Starport  
  136  11:56  Terran Infantry Armor Level 2, Starport  
  136  11:58  Terran Ship Weapons Level 1, Fusion Core  
  136  12:08  Marine x2, Marauder x2  
  116  12:37  Marine  
  116  12:38  Marine x2, Marauder x3  
  125  12:47  Siege Tank  
  125  12:48  Viking x2  
  108  12:56  Viking x2  
  112  12:59  Viking  
  112  13:00  Marauder x3  
  98  13:16  Marine x4  
  98  13:19  Viking  
  98  13:21  Marauder x3  
  104  13:28  Viking x2  
  108  13:36  Planetary Fortress  
  108  13:41  Viking  
  110  13:42  Marauder  
  112  13:53  Marauder x2  
  112  13:55  Liberator  
  116  14:09  Refinery  
  116  14:10  Refinery  
  116  14:11  Viking x2  
  123  14:24  Viking x2  
  119  14:53  Command Center  
  119  14:54  Liberator  
  119  14:58  Viking x2  
  109  15:11  Viking x2  
  106  15:25  Liberator x2  
  105  15:35  Liberator  
  105  15:41  Marauder x3  
  120  16:02  Marauder  
  109  16:34  Viking  
  109  16:35  Viking x3  
  103  17:06  Marauder x2  
  89  17:31  Liberator  
  89  17:32  Liberator  
  88  17:57  Liberator  
  86  18:19  Cyclone  
  84  18:28  Orbital Command  
  84  18:33  Liberator x2  
  84  18:58  Orbital Command  
  84  19:01  Liberator x2  
  84  19:15  Siege Tank  
  85  19:23  Marauder x2  
  90  19:51  Marauder x3  
  90  19:54  Orbital Command  
  87  20:07  Cyclone  
  88  20:25  Marauder x3  
  88  20:26  SCV x2  
  96  20:30  Refinery x2  
  96  20:31  Refinery  
  96  20:38  SCV  
  97  20:47  Marauder  
  99  21:17  Marauder x3  
  103  21:25  Siege Tank  
  90  21:34  Marine x4  
  90  21:39  Marauder x3  
  89  21:52  Marine x4  
  89  21:59  Marine x2  
  89  22:00  Marine  
  92  22:05  SCV x2  
  95  22:10  Marine x2  
  95  22:12  Refinery  
  97  22:15  Command Center  
  97  22:17  Command Center, SCV  
  97  22:18  Orbital Command  
  91  22:27  Starport Tech Lab  
  91  22:30  Marine, Fusion Core  
  91  22:31  Marine x3, Marauder x3  
  98  22:40  SCV x2  
  100  22:48  Marine x3  
  100  22:49  Marine  
  101  22:52  Marine, SCV x2, Marauder x2  
  108  23:05  Liberator x2  
  108  23:06  SCV x3  
  108  23:10  Advanced Ballistics  
  111  23:18  SCV  
  107  23:24  Marine x7  
  108  23:31  SCV x3  
  109  23:34  SCV  
  109  23:37  Liberator x2  
  110  23:43  SCV x3  
  93  24:22  Planetary Fortress  
  92  24:24  SCV x3  
  73  24:36  SCV x2  
  73  24:37  SCV  
  60  24:38  Marauder  
  60  24:39  Marine  
  59  24:48  SCV  
  59  24:49  Liberator, SCV  
  64  25:07  Liberator  
  64  25:13  Marine x3  
  67  25:31  SCV x2  
  67  25:33  Liberator  
  27  26:16  Siege Tank  
  29  26:21  Refinery  
Show
View Real Time Build Order
Export as new Build Order

aDiclonius Terran - Winner!

Build Orders:  

Get SALT Encoding   

  12  0:00  SCV  
  13  0:13  SCV  
  14  0:17  Supply Depot  
  14  0:25  SCV  
  15  0:38  SCV  
  15  0:41  Barracks  
  16  0:46  Refinery  
  16  0:50  SCV  
  17  1:03  SCV  
  18  1:10  Refinery  
  18  1:15  SCV  
  19  1:29  Marine, Orbital Command  
  19  1:32  Supply Depot  
  20  1:45  Factory  
  20  1:47  Marine  
  21  1:57  SCV  
  22  2:07  Barracks Tech Lab  
  22  2:12  SCV  
  22  2:31  Command Center  
  22  2:39  Starport  
  22  2:46  Hellion  
  22  2:50  SCV  
  25  3:00  Supply Depot  
  25  3:02  SCV  
  25  3:03  Barracks Reactor  
  26  3:14  SCV  
  26  3:17  Siege Tank  
  30  3:27  Viking  
  32  3:34  SCV  
  33  3:44  Orbital Command  
  33  3:46  SCV  
  34  3:49  Siege Tank  
  37  3:58  SCV  
  38  4:08  Viking x2  
  38  4:09  SCV  
  43  4:10  SCV  
  44  4:17  Supply Depot  
  44  4:21  SCV  
  44  4:22  SCV  
  44  4:23  Siege Tank  
  47  4:34  SCV  
  47  4:35  SCV  
  53  4:49  SCV x2  
  51  4:53  Command Center, Supply Depot x2  
  51  4:58  Siege Tank  
  54  5:01  SCV x2  
  54  5:04  Viking  
  54  5:20  SCV x2  
  52  5:32  Siege Tank, SCV  
  52  5:33  SCV  
  57  5:44  SCV  
  57  5:47  SCV  
  57  5:49  Viking  
  61  5:53  Refinery  
  61  5:54  Viking, Refinery  
  64  5:57  SCV, Supply Depot  
  64  6:02  SCV  
  64  6:16  SCV x2  
  64  6:17  Orbital Command  
  63  6:20  Hellion  
  64  6:28  SCV  
  65  6:33  SCV  
  66  6:40  SCV  
  66  6:44  SCV  
  66  6:45  SCV  
  69  6:50  Siege Tank  
  69  6:52  SCV  
  73  6:57  SCV x2  
  75  7:04  SCV  
  76  7:09  SCV x2  
  78  7:22  Siege Tank  
  81  7:37  Factory  
  81  7:41  Command Center  
  70  7:49  SCV  
  70  7:51  SCV  
  66  7:55  Siege Tank  
  66  7:57  Viking x2  
  68  8:04  Factory  
  68  8:19  SCV x2  
  70  8:27  Siege Tank, Viking x2  
  70  8:31  Factory Reactor  
  77  8:35  SCV x3  
  80  8:48  Factory Tech Lab  
  80  8:50  Command Center  
  80  8:51  Factory  
  80  8:53  Factory, Orbital Command  
  80  9:01  Orbital Command  
  80  9:03  Viking  
  80  9:06  Viking  
  84  9:16  Hellion x3  
  92  9:17  Hellion  
  92  9:19  Supply Depot  
  92  9:20  Supply Depot x2  
  86  9:42  Siege Tank x2  
  86  9:43  Factory Tech Lab  
  86  9:44  Factory Reactor  
  87  9:49  Infernal Pre-Igniter  
  82  9:55  Hellion x2  
  86  10:01  Viking x2  
  86  10:04  Orbital Command  
  90  10:07  Hellion  
  92  10:21  SCV  
  93  10:22  Siege Tank  
  93  10:23  Hellion x4  
  104  10:32  Viking x2  
  104  10:35  Orbital Command  
  108  10:53  Hellion x4  
  112  11:03  Siege Tank  
  105  11:05  Viking x2  
  109  11:12  Siege Tank  
  112  11:20  Refinery  
  112  11:22  Refinery  
  112  11:33  Armory  
  112  11:34  Viking  
  112  11:35  Viking  
  116  11:42  Orbital Command  
  116  11:43  Command Center, Hellion x5  
  126  11:47  Armory  
  126  11:58  Siege Tank x2  
  132  12:04  Viking  
  132  12:05  Viking  
  132  12:07  Hellion x2  
  140  12:14  Hellion  
  118  12:38  Siege Tank x2  
  118  12:43  Hellion  
  124  12:44  Hellion  
  120  12:55  Hellion, Hellbat  
  124  12:59  Command Center  
  105  13:21  Siege Tank x2, Hellion x2  
  105  13:22  Hellion x2  
  105  13:26  Orbital Command  
  119  13:45  Hellion x2  
  119  13:46  Hellion  
  125  13:51  Supply Depot  
  125  13:54  Hellion  
  125  13:55  Siege Tank x2  
  133  14:03  Siege Tank  
  136  14:12  Hellion, Hellbat x2  
  144  14:17  Hellbat  
  144  14:27  Siege Tank x2  
  150  14:34  Hellbat x2  
  150  14:35  Siege Tank  
  149  14:59  Siege Tank x2, Hellbat x4  
  149  15:07  Hellion  
  149  15:09  Viking x2  
  149  15:10  Hellion  
  143  15:28  Starport  
  143  15:39  Viking x2  
  143  15:41  Barracks Reactor  
  143  15:42  Starport  
  147  15:56  Siege Tank x2  
  147  16:11  Thor  
  145  16:26  Orbital Command  
  145  16:30  Viking  
  141  16:43  Viking x2  
  135  17:04  Thor  
  136  17:14  Orbital Command  
  128  17:29  SCV x3  
  125  17:36  Thor  
  131  17:41  SCV x3  
  134  17:46  Viking x3  
  138  17:56  SCV x2  
  138  17:57  SCV  
  134  18:09  Siege Tank  
  134  18:10  Siege Tank  
  126  18:16  Hellion  
  126  18:17  Hellion x2  
  129  18:27  Siege Tank  
  125  18:41  Siege Tank, Thor  
  132  18:58  Refinery  
  132  19:00  Refinery  
  131  19:03  Thor  
  137  19:17  Supply Depot  
  137  19:20  Supply Depot  
  137  19:32  SCV, Thor  
  135  19:51  Thor  
  111  20:20  Thor x2  
  120  20:42  Thor  
  126  20:44  Factory  
  126  20:59  Orbital Command  
  98  21:40  Thor  
  89  21:48  Thor  
  77  22:08  SCV x2  
  77  22:11  Factory Tech Lab  
  79  22:21  Siege Tank  
  79  22:22  Hellion x2  
  88  22:23  Siege Tank, Hellion x2  
  88  22:25  Hellion x2  
  88  22:27  Command Center  
  88  22:28  Hellion x2  
  92  22:38  Siege Tank  
  90  22:59  Command Center  
  90  23:02  Hellion x4  
  90  23:03  Hellion x2  
  102  23:20  Siege Tank  
  102  23:23  Hellion x2  
  109  23:35  Siege Tank  
  109  23:36  Hellion x3  
  116  23:45  Hellion  
  116  23:46  Hellion x2  
  122  23:52  Hellion  
  122  23:53  Orbital Command  
  124  24:09  Siege Tank  
  116  24:10  Siege Tank, Hellbat x3  
  109  24:29  Siege Tank  
  109  24:30  Hellbat x2  
  104  24:36  SCV  
  104  24:37  SCV  
  100  24:49  SCV x2, Hellion x2  
  100  24:50  Hellion  
  108  24:56  Command Center  
  108  25:01  SCV x2  
  110  25:15  Siege Tank x2, Hellion  
  110  25:16  Hellion x2  
  110  25:19  SCV  
  120  25:28  SCV  
  120  25:32  SCV  
  122  25:36  Siege Tank  
  125  25:51  SCV x2  
  119  26:03  Siege Tank  
  104  26:19  Hellion x4  
  103  27:03  Orbital Command  
  103  27:06  Hellion, Refinery  
  103  27:07  Hellion x5, Refinery  
  115  27:28  Refinery  
Tags
 
Add a new tag
Caveats
  • Supply blocks, unpowered buildings, or Contaminate may cause inaccurate times.
  • Supply counts are checked every 10 seconds.